 Dungeon Crawl Stone Soup version 0.25.1-2-g60ff931df9 (webtiles) character file.

Game seed: 2183207247934755673

7 Acheron the Firebug (level 2, 0/20 HPs)
             Began as a Hill Orc Fire Elementalist on Aug 25, 2020.
             Succumbed to an adder's poison
             ... on level 1 of the Dungeon.
             The game lasted 00:04:08 (363 turns).

Acheron the Firebug (Hill Orc Fire Elementalist)     Turns: 363, Time: 00:04:09

Health: 0/20       AC:  3    Str: 10    XL:     2   Next: 0%
Magic:  4/4        EV: 11    Int: 15    God:
Gold:   29         SH:  0    Dex: 11    Spells: 3/4 levels left

rFire    . . .     SeeInvis .   f - +0 club
rCold    . . .     Gourm    .   (no shield)
rNeg     . . .     Faith    .   g - +0 leather armour
rPois    .         Spirit   .   (helmet restricted)
rElec    .         Reflect  .   (no cloak)
rCorr    .         Harm     .   (no gloves)
MR       .....                  (no boots)
Stlth    +.........             (no amulet)
HPRegen  0.46/turn              (no ring)
MPRegen  0.09/turn              (no ring)

@: lethally poisoned (0 -> -2)
A: horns 1, regeneration 1
a: no special abilities


You were on level 1 of the Dungeon.
You were not hungry.

You visited 1 branch of the dungeon, and saw 2 of its levels.

You collected 29 gold pieces.

Inventory:

Hand Weapons
 f - a +0 club (weapon)
Missiles
 b - 5 javelins (quivered)
Armour
 a - a +0 robe
 g - a +0 leather armour (worn)
Comestibles
 c - a ration


   Skills:
 * Level 0.2 Fighting
 * Level 0.2 Throwing
 * Level 1.6 Dodging
 * Level 1.6 Stealth
 * Level 1.6 Spellcasting
 * Level 1.1 Conjurations
 + Level 3.4 Fire Magic


You had 3 spell levels left.
You knew the following spells:

 Your Spells              Type           Power        Failure   Level  Hunger
a - Foxfire               Conj/Fire      #...         12%         1    ##.....

Your spell library contained the following spells:

 Spells                   Type           Power        Failure   Level  Hunger
 Conjure Flame            Conj/Fire      #.......     36%         3    ####...
 Inner Flame              Hex/Fire       #.......     43%         3    ####...
 Sticky Flame             Conj/Fire      #.......     77%         4    #####..
 Fireball                 Conj/Fire      #.........   98%         5    ######.


Dungeon Overview and Level Annotations

Branches:
Dungeon (2/15)

Altars:


Innate Abilities, Weirdness & Mutations

You have a pair of small horns on your head.
Your natural rate of healing is unusually fast.


Message History

The kobold closely misses you. The adder bites you.
* * * LOW HITPOINT WARNING * * *
The frilled lizard bites you.
* * * LOW HITPOINT WARNING * * *
The adder bites you.
* * * LOW HITPOINT WARNING * * *
You are poisoned.
The adder poisons you!
Your magical contamination has completely faded away.
As you read the scroll labeled TYAPAU GYME, it crumbles to dust.
You feel blessed for a moment.
It was a scroll of remove curse.
You feel sick. The adder closely misses you.
As you read the scroll labeled ZYMNAT KOPREOGER, it crumbles to dust.
The creatures around you are filled with an inner flame!
It was a scroll of immolation.
The adder bites you.
* * * LOW HITPOINT WARNING * * *
You are more poisoned.
The adder poisons you!
You closely miss the adder.
You die...

.......#.##......#
###...K#.##.#.####
.......#.##......#
.......K.##......##.#
.......#K###..##.##.#
########K##......##.#
#....##.##......##.#
#.##.##l###..#####.#
#.##....##...KS@##.#
##.#####.####KK####.#
....###.......l>g...#
.#...##.########.#.##
.#....#.##.#####.#.#
.#....#.##.......#.#
.#.##.#.##.#####...#
......#........#.###
##.#######.###.#.#


You could see an adder (inner flame) and 3 kobolds.

Vanquished Creatures
  A giant cockroach (D:1)
  A goblin (D:1)
  A hobgoblin (D:1)
  A kobold (D:1)
  A bat (D:1)
  A rat (D:1)
6 creatures vanquished.

Vanquished Creatures (others)
  14 foxfires (D:1)
14 creatures vanquished.

Grand Total: 20 creatures vanquished

Notes
Turn   | Place    | Note
-------+----------+-------------------------------------------
     0 | D:1      | Acheron the Hill Orc Fire Elementalist began the quest for
                  | the Orb.
     0 | D:1      | Reached XP level 1. HP: 14/14 MP: 3/3
   235 | D:1      | Reached XP level 2. HP: 19/20 MP: 1/4
   315 | D:1      | HP: 1/20 [hobgoblin/+0 club (4)]
   325 | D:1      | Gained mutation: You have a pair of small horns on your
                  | head. [potion of mutation]
   325 | D:1      | Gained mutation: Your natural rate of healing is unusually
                  | fast. [potion of mutation]
   362 | D:1      | HP: 1/20 [adder (4)]
   363 | D:1      | Succumbed to an adder's poison

Illustrated notes

Levels and vault maps discovered:
D:1:      dpeg_arrival_ternary, layout_basic
D:2:      layout_loops_ring, grunt_temple_overflow_forces_of_nature

Action                   || total
-------------------------++-------
Melee: Club              ||     8
 Cast: Foxfire           ||     9
  Use: Scroll            ||     2
       Potion            ||     1
Armor: Leather armour    ||     7
Dodge: Dodged            ||    15
